Match 47413056
Unlisted

Match 47413056
End
Engineer Squad
Selects Special Operations Battlegroup
Selects Special Operations Battlegroup
Selects M29 Weasel Recon Vehicle
M29 Weasel Recon Vehicle
Construct Weapon Support Center
Bazooka Squad
M1919 Machine Gun Team
Infantry Support Center
Construct Medical Station
M3 Armored Personnel Carrier
Selects Raiding Flares
Selects SSF Commando Squad
SSF Commando Squad
SSF Commando Squad
Raiding Flares
Construct Tank Depot
SSF Commando Squad
Selects Mark Vehicle
Selects UNKNOWN (2162291)
Raiding Flares
M4A1 Sherman Whizbang
Raiding Flares
乱杀大王
-AL- Nimahfrosch
Dunkerque
NEP_wilson_NEP
0
0

Comments sign in to comment!

No comments posted yet!